AoeStats
← palomuno

Arabia

504127732Analyzed
1v1 RM · 27d ago on Sep 4, 2026· 103m 42s· 2 players
Game mode
Random Map
Map size
Tiny (2 player)
Population
200
Speed
Normal
Resources
Standard
Victory
Conquest
Starting age
Dark Age
Ending age
Imperial Age
RankedLock teamsTeams togetherTeam positionsShared explorationLock speedFull tech treeHidden civsTurbo modeCheats
Victory
Defeat
🇻🇪 Byzantines · Venezuela
510
+15
🇨🇴 Teutons · Colombia
494
-15
palomuno
7:35 Loom
12:01 Feudal Age
16:52 Castle Age
15:31 Double-Bit Axe
15:31 Horse Collar
23:25 Crossbowman
29:37 Pikeman
31:17 Forging
31:13 Scale Barding Armor
31:30 Fletching
34:44 Bodkin Arrow
34:52 Scale Mail Armor
40:31 Imperial Age
40:31 Wheelbarrow
40:15 Bow Saw
40:35 Guard Tower
41:24 Iron Casting
40:52 Cavalier
44:25 Man-at-Arms
44:26 Halberdier
45:34 Gold Mining
47:32 Blast Furnace
48:05 Long Swordsman
51:58 Two-Handed Swordsman
55:33 Hand Cart
57:34 Squires
58:53 Capped Ram
60:42 Champion
61:08 Gambesons
63:13 Two-Man Saw
64:02 Onager
67:11 Blast Furnace
75:18 Heavy Scorpion
83:21 Paladin
Deuda
8:43 Loom
10:56 Feudal Age
13:32 Wheelbarrow
17:21 Fletching
17:34 Scale Mail Armor
24:10 Castle Age
23:22 Double-Bit Axe
24:35 Forging
25:34 Pikeman
26:52 Chain Mail Armor
27:14 Iron Casting
27:33 Elite Skirmisher
28:19 Thumb Ring
29:52 Squires
31:18 Bodkin Arrow
31:35 Padded Archer Armor
36:54 Imperial Age
34:48 Ballistics
34:43 Arson
38:46 Halberdier
41:29 Chemistry
40:38 Bracer
40:54 Leather Archer Armor
41:10 Plate Mail Armor
40:46 Gold Mining
41:10 Bow Saw
40:44 Horse Collar
42:21 Man-at-Arms
42:47 Gambesons
43:37 Ring Archer Armor
59:08 Scale Barding Armor
79:05 Heavy Cavalry Archer
80:13 Chain Barding Armor
99:14 Bombard Tower
98:42 Arrowslits
98:49 Guard Tower
Connection lost

Rejoining the realm…

Still unreachable

The connection could not be restored.

Session expired

The server has moved on; the page needs a fresh start.